 Dungeon Crawl Stone Soup version 0.28-a0-381-g937acc2988 (webtiles) character file.

Game seed: 3001974817409081915

54 dolemite99 the Caller (level 3, -3/26 HPs)
             Began as a Gnoll Summoner on Sept 2, 2021.
             Slain by an ufetubus (4 damage)
             ... on level 4 of the Dungeon.
             The game lasted 00:03:09 (2058 turns).

dolemite99 the Caller (Gnoll Summoner)              Turns: 2058, Time: 00:03:10

Health: -3/26      AC:  2    Str:  7    XL:     3   Next: 91%
Magic:  5/9        EV: 13    Int: 15    God:
Gold:   62         SH:  0    Dex: 12    Spells: 9/12 levels left

rFire   . . .      SeeInvis .   b - +0 hunting sling
rCold   . . .      Faith    .   (no shield)
rNeg    . . .      Spirit   .   a - +0 robe
rPois   .          Reflect  .   (no helmet)
rElec   .          Harm     .   (no cloak)
rCorr   .          Rampage  .   (no gloves)
Will    .....                   (no boots)
Stlth   ++........              (no amulet)
HPRegen 0.08/turn               (no ring)
MPRegen 0.11/turn               (no ring)

@: no status effects
A: fangs 1, strong nose, distributed training
a: no special abilities


You were on level 4 of the Dungeon.
You visited 1 branch of the dungeon, and saw 3 of its levels.

You collected 62 gold pieces.

Inventory:

Hand Weapons
 b - a +0 hunting sling (weapon)
 f - a +0 flail
 o - a +0 dagger
 p - a +0 spear
Missiles
 c - 33 stones
 g - 19 sling bullets (quivered ammo)
 n - 18 bolts
Armour
 a - a +0 robe (worn)
 e - a +0 leather armour
 m - a +0 ring mail
Jewellery
 h - a ring of positive energy
Wands
 q - a wand of flame (11)
Scrolls
 d - a scroll of identify {unknown}
 k - 2 scrolls of teleportation {unknown}
 l - 3 scrolls of fog {unknown}
Potions
 i - 2 potions of curing {unknown}
 j - 2 potions of invisibility {unknown}


   Skills:
 + Level 1.0 Fighting
 + Level 1.0 Short Blades
 + Level 1.0 Long Blades
 + Level 1.0 Axes
 + Level 1.0 Maces & Flails
 + Level 1.0 Polearms
 + Level 1.0 Staves
 + Level 1.0 Slings
 + Level 1.0 Bows
 + Level 1.0 Crossbows
 + Level 1.0 Throwing
 + Level 1.0 Armour
 + Level 4.6 Dodging
 + Level 4.2 Stealth
 + Level 1.0 Shields
 + Level 1.0 Unarmed Combat
 + Level 5.0 Spellcasting
 + Level 0.7 Conjurations
 + Level 0.7 Hexes
 + Level 7.1 Summonings
 + Level 0.7 Necromancy
 + Level 0.7 Translocations
 + Level 0.7 Transmutations
 + Level 0.7 Fire Magic
 + Level 0.7 Ice Magic
 + Level 0.7 Air Magic
 + Level 0.7 Earth Magic
 + Level 0.7 Poison Magic
 + Level 1.0 Invocations
 + Level 1.0 Evocations


You had 9 spell levels left.
You knew the following spells:

 Your Spells              Type           Power      Damage    Failure   Level
a - Summon Small Mammal   Summ           100%       N/A       1%          1
b - Call Imp              Summ           25%        N/A       1%          2

Your spell library contained the following spells:

 Spells                   Type           Power      Damage    Failure   Level
 Call Canine Familiar     Summ           25%        N/A       2%          3
 Summon Guardian Golem    Hex/Summ       15%        N/A       10%         3
 Summon Lightning Spire   Summ/Air       15%        N/A       32%         4


Dungeon Overview and Level Annotations

Branches:
Dungeon (2/15)

Altars:

Annotations:
D:4 1 transporter, RandomusNamus's ghost, amateur GrFi


Innate Abilities, Weirdness & Mutations

You have very sharp teeth.
Your uncanny sense of smell can sniff out nearby items.
Your experience applies equally to all skills.


Message History

The ufetubus hits you. x2
* * * LOW HITPOINT WARNING * * *
The ufetubus hits you.
* * * LOW HITPOINT WARNING * * *
The ufetubus barely misses you.
Your crimson imp closely misses the ufetubus.
The ufetubus barely misses your crimson imp.
The ufetubus closely misses your crimson imp.
Your crimson imp blinks!
There is a stone staircase leading down here.
A phantom comes into view.
Casting: Call Imp (safe; 1% risk of failure)
Confirm with . or Enter, or press ? or * to list all spells.
The ufetubus closely misses you. x2; The ufetubus hits you.
* * * LOW HITPOINT WARNING * * *
The ufetubus closely misses you. The ufetubus hits you.
* * * LOW HITPOINT WARNING * * *
The ufetubus hits you but does no damage.
You swap places.
Something closely misses your crimson imp. x4
Something closely misses your crimson imp.
Something barely misses your crimson imp.
The ufetubus barely misses your crimson imp.
The ufetubus hits your crimson imp.
Your crimson imp closely misses the ufetubus.
Your rat closely misses the ufetubus.
The ufetubus barely misses your crimson imp.
The ufetubus hits your crimson imp.
Your crimson imp blinks!
Your rat closely misses the ufetubus.
Your crimson imp blinks!
You see here 11 gold pieces.
Casting: Summon Small Mammal (safe; 1% risk of failure)
Confirm with . or Enter, or press ? or * to list all spells.
Your crimson imp barely misses the ufetubus.
The ufetubus closely misses you. The ufetubus barely misses you.
Your crimson imp misses the ufetubus.
Your quokka misses the ufetubus. The ufetubus hits you.
You die...

#. #. ... #. #.#
#.# #.# #.. #.#
#.##.#########
#####
####....@.r.....#
#....
.........55####.
#.#.#
#####...##.#
#.#.#
#.......##r##
..#.#
#.####......#
....# #..>.#..#
....# #.##.#..#
....## #.##...##
.....#
#####.####.#


You could see an ufetubus (ally target), a friendly crimson imp (summoned), a
friendly quokka (summoned) and a friendly rat (summoned).

Vanquished Creatures
  An endoplasm (D:1)
  A jackal (D:1)
  2 ball pythons
  2 bats
  A kobold (D:2)
  A rat (D:2)
8 creatures vanquished.

Vanquished Creatures (collateral kills)
  An adder (D:2)
  2 dart slugs (D:1)
  A bat (D:1)
  4 endoplasms
  2 giant cockroaches
  4 goblins
  3 hobgoblins (D:1)
  3 jackals (D:1)
  A kobold (D:1)
  A quokka (D:4)
  3 ball pythons
  A frilled lizard (D:1)
  2 rats
28 creatures vanquished.

Grand Total: 36 creatures vanquished

Notes
Turn   | Place    | Note
-------+----------+-------------------------------------------
     0 | D:1      | dolemite99 the Gnoll Summoner began the quest for the Orb.
     0 | D:1      | Reached XP level 1. HP: 13/13 MP: 6/6
    65 | D:1      | Reached XP level 2. HP: 18/19 MP: 5/7
   401 | D:1      | Found a faded altar of an unknown god.
   991 | D:1      | Reached XP level 3. HP: 7/25 MP: 7/9
   994 | D:1      | Reached skill level 5 in Spellcasting
  1532 | D:1      | Learned a level 2 spell: Call Imp
  1672 | D:2      | Reached skill level 1 in Invocations
  1840 | D:2      | Reached skill level 1 in Fighting
  1840 | D:2      | Reached skill level 1 in Short Blades
  1840 | D:2      | Reached skill level 1 in Long Blades
  1840 | D:2      | Reached skill level 1 in Axes
  1840 | D:2      | Reached skill level 1 in Maces & Flails
  1840 | D:2      | Reached skill level 1 in Polearms
  1840 | D:2      | Reached skill level 1 in Staves
  1840 | D:2      | Reached skill level 1 in Slings
  1840 | D:2      | Reached skill level 1 in Bows
  1840 | D:2      | Reached skill level 1 in Crossbows
  1840 | D:2      | Reached skill level 1 in Throwing
  1840 | D:2      | Reached skill level 1 in Armour
  1840 | D:2      | Reached skill level 1 in Shields
  1840 | D:2      | Reached skill level 1 in Unarmed Combat
  1840 | D:2      | Reached skill level 1 in Evocations
  1923 | D:2      | You fall into a shaft and drop 2 floors!
  1984 | D:4      | Noticed a scorpion
  1985 | D:4      | Found a transporter.
  1985 | D:4      | Noticed RandomusNamus's ghost (amateur GrFi)
  2047 | D:4      | Noticed a phantom
  2049 | D:4      | HP: 1/26 [ufetubus (3)]
  2058 | D:4      | Slain by an ufetubus

Illustrated notes

Levels and vault maps discovered:
D:1:      dpeg_arrival_stone_temple_mockup, layout_rooms,
          basic_ecumenical_altar, minmay_quantized
D:2:      layout_basic
D:4:      layout_basic, gammafunk_ghost_arena, kennysheep_decorative_pillar,
          minmay_fractal_squares_5

Skill      XL: |  1  2  3 |
---------------+----------+-----
Spellcasting   | 5 |  5.0
Invocations    | 1 |  1.0
Fighting       | 1 |  1.0
Short Blades   | 1 |  1.0
Long Blades    | 1 |  1.0
Axes           | 1 |  1.0
Maces & Flails | 1 |  1.0
Polearms       | 1 |  1.0
Staves         | 1 |  1.0
Slings         | 1 |  1.0
Bows           | 1 |  1.0
Crossbows      | 1 |  1.0
Throwing       | 1 |  1.0
Armour         | 1 |  1.0
Shields        | 1 |  1.0
Unarmed Combat | 1 |  1.0
Evocations     | 1 |  1.0
Dodging        | |  4.6
Stealth        | |  4.2
Conjurations   | |  0.7
Hexes          | |  0.7
Summonings     | |  7.1
Necromancy     | |  0.7
Translocations | |  0.7
Transmutations | |  0.7
Fire Magic     | |  0.7
Ice Magic      | |  0.7
Air Magic      | |  0.7
Earth Magic    | |  0.7
Poison Magic   | |  0.7

Action                   || total
-------------------------++-------
Melee: Flail             ||    18
 Fire: Hunting sling     ||    13
 Cast: Summon Small Mamm ||    32
       Call Imp          ||    10
 Stab: Sleeping          ||     1
Armor: Robe              ||    21
Dodge: Dodged            ||    97

Table legend: (Time is in decaauts)
 A = Elapsed time spent in this place.
 B = Non-inter-level travel time spent in this place.
 C = Inter-level travel time spent in this place.
 D = Time resting spent in this place.
 E = Time spent auto-exploring this place.
 F = Levels seen in this place.
 G = Mean time per level.
                   A        B        C        D        E       F      G
               +--------+--------+--------+--------+--------+-----+--------+
         Total |   2065 |   2065 |      0 |    633 |    864 |   3 |  688.3 |
       Dungeon |   2065 |   2065 |      0 |    633 |    864 |   3 |  688.3 |
               +--------+--------+--------+--------+--------+-----+--------+

Top non-repeatable levels by time:
     D:1: 1543 daAuts
     D:2: 386 daAuts
     D:4: 135 daAuts
